 Dungeon Crawl Stone Soup version 0.31-a0-1074-g0b22e4e0f1 (webtiles) character file.

Game seed: 17906099798776616078

93 tbh1313 the Conjurer (level 4, 24/24 HPs)
             Began as a Deep Elf Conjurer on Nov 20, 2023.
             Was an Initiate of Sif Muna.
             Quit the game on level 4 of the Dungeon on Nov 28, 2023.
             The game lasted 00:10:01 (3003 turns).

tbh1313 the Conjurer (Deep Elf Conjurer)            Turns: 3003, Time: 00:10:02

Health: 24/24      AC:  5    Str:  4    XL:     4   Next: 36%
Magic:  9/12       EV: 13    Int: 25    God:    Sif Muna [......]
Gold:   164        SH:  5    Dex: 13    Spells: 9/12 levels left

rFire   + . .        j - +2 dagger (flame)
rCold   . . .        (no shield)
rNeg    . . .        a - +0 robe
rPois   +            q - +2 helmet of Hangman {rPois}
rElec   .            (no cloak)
rCorr   .            (no gloves)
SInv    .            (no boots)
Will    +....        o - amulet of reflection
Stlth   ++           i - ring of willpower
HPRegen 0.24/turn    s - ring of protection from fire
MPRegen 0.13/turn

%: reflection
@: no status effects
A: no striking features
a: Renounce Religion


You were on level 4 of the Dungeon.
You worshipped Sif Muna.
Sif Muna was noncommittal.
You visited 2 branches of the dungeon, and saw 5 of its levels.

You collected 164 gold pieces.

Inventory:

Hand Weapons
 j - a +2 dagger of flaming (weapon)
Armour
 a - a +0 robe (worn)
 q - the +2 helmet of Hangman (worn) {rPois}
   (You found it on level 3 of the Dungeon)

   rPois:     It protects you from poison
Magical Staves
 c - a staff of death
Jewellery
 g - an amulet of faith
 i - a ring of willpower (left hand)
 o - an amulet of reflection (around neck)
 s - a ring of protection from fire (right hand)
Wands
 r - a wand of mindburst (10)
Scrolls
 m - a scroll of summoning
 p - a scroll of teleportation
Potions
 b - 2 potions of magic
 d - a potion of ambrosia {unknown}
 e - a potion of haste
 f - a potion of might {unknown}
 h - 3 potions of heal wounds
 k - a potion of lignification {unknown}
 l - a potion of resistance {unknown}
 n - a potion of curing {unknown}


   Skills:
 + Level 3.4 Dodging
 - Level 2.4 Stealth
 + Level 4.5 Spellcasting
 + Level 4.8 Conjurations
 - Level 1.9 Necromancy


You had 9 spell levels left.
You knew the following spells:

 Your Spells              Type           Power      Damage    Failure   Level
a - Magic Dart            Conj           100%       1d8       1%          1
b - Searing Ray           Conj           60%        2d6       1%          2

Your spell library contained the following spells:

 Spells                   Type           Power      Damage    Failure   Level
 Kiss of Death            Conj/Necr      88%        2d12      2%          1
 Dazzling Flash           Conj/Hex       34%        N/A       10%         3
 Confusing Touch          Hex            5%         N/A       26%         3
 Fulminant Prism          Conj/Hex       8%         3d7       32%         4
 Iskenderun's Mystic Bla  Conj/Tloc      17%        2d5       32%         4
 Dispel Undead            Necr           15%        3d10      36%         4


Dungeon Overview and Level Annotations

Branches:
Dungeon (4/15)             Temple (1/1) D:4

Altars:
Ashenzari
Elyvilon
Gozag
Kikubaaqudgha
Nemelex Xobeh
Okawaru
Qazlal
Sif Muna
Trog
Uskayaw
Wu Jian
Yredelemnul


Message History

Aiming: Magic Dart (safe; 1% risk of failure)
Press: ? - help, Shift-Dir - straight line, f/p - hound
Aim: a hound (heavily wounded, 100% to hit)
The magic dart hits the hound!
You kill the hound!
Sif Muna accepts your kill.
You have reached level 4!
You feel clever.
Casting: Magic Dart (safe; 1% risk of failure)
Confirm with . or Enter, or press ? or * to list all spells.
Aiming: Magic Dart (safe; 1% risk of failure)
Press: ? - help, Shift-Dir - straight line, f - endoplasm
Aim: an endoplasm (100% to hit)
The magic dart hits the endoplasm.
The endoplasm is severely wounded.
Casting: Magic Dart (safe; 1% risk of failure)
Confirm with . or Enter, or press ? or * to list all spells.
Aiming: Magic Dart (safe; 1% risk of failure)
Press: ? - help, Shift-Dir - straight line, f/p - endoplasm
Aim: an endoplasm (severely wounded, 100% to hit)
The magic dart hits the endoplasm.
The endoplasm is almost dead.
The endoplasm freezes you.
You are frozen.
An endoplasm is nearby!
Casting: Magic Dart (safe; 1% risk of failure)
Confirm with . or Enter, or press ? or * to list all spells.
Aiming: Magic Dart (safe; 1% risk of failure)
Press: ? - help, Shift-Dir - straight line, f/p - endoplasm
Aim: an endoplasm (almost dead, 100% to hit)
The magic dart hits the endoplasm.
You kill the endoplasm!
Sif Muna accepts your kill.
You start resting.
HP restored.
Options error: Unknown explore stop condition 'glowing_items_______________#_do_break_on_magic_items' (~/.crawlrc:43) Welcome back, tbh1313 the Deep Elf Conjurer.
Sif Muna whispers: I know many secrets...
Press ? for a list of commands and other information.
Are you sure you want to abandon this character and quit the game? (Confirm with "yes".)

..####.......#.........).
...................J.....
#.....#......[.....?.....
#.....##.........###.....
..#.#..##........# ...
.##.##..##.#####.# .
##...##.........>#
...>.......#####†#
##...##....# #@#
.##.##.)##..# #.# .
#.#..##...# #.# #.....#
..... #.# ..... .....##.#
...†... .....!##.#
........ #.# ...


There were no monsters in sight!

Levels and vault maps discovered:
D:1:      dpeg_arrival_concentric_ovals, layout_basic,
          nicolae_kite_square_tiling_tiny
D:2:      layout_loops_ring
D:3:      minmay_angry_zag, layout_rooms, nicolae_uskayaw_en_pointe,
          cheibrodos_sewer_entry_bend
D:4:      layout_basic, lemuel_tele_altar,
          nicolae_dithmenos_through_a_glass_darkly, minmay_temple_entry_waves
Temple:   minmay_freezing_vapour_temple

Notes
Turn   | Place    | Note
-------+----------+-------------------------------------------
     0 | D:1      | tbh1313 the Deep Elf Conjurer began the quest for the Orb.
     0 | D:1      | Reached XP level 1. HP: 10/10 MP: 6/6
   414 | D:1      | Reached skill level 1 in Necromancy
   652 | D:1      | Reached XP level 2. HP: 15/15 MP: 5/8
  1172 | D:2      | Learned a level 2 spell: Searing Ray
  2100 | D:3      | Found a hide-covered altar of Uskayaw.
  2100 | D:3      | Noticed a +0 falchion
  2100 | D:3      | Noticed a +0 dagger
  2101 | D:3      | Noticed a +0 dagger
  2102 | D:3      | Noticed a +0 spear
  2102 | D:3      | Noticed a +0 short sword
  2103 | D:3      | Noticed a +0 falchion
  2103 | D:3      | Noticed a +0 spear
  2104 | D:3      | Noticed a +0 short sword
  2135 | D:3      | Reached XP level 3. HP: 16/19 MP: 7/10
  2449 | D:3      | Identified the +2 helmet of Hangman {rPois}
  2891 | D:4      | Found a staircase to the Ecumenical Temple.
  2898 | Temple   | Entered the Ecumenical Temple
  2915 | Temple   | Became a worshipper of Sif Muna the Loreminder
  2951 | D:4      | Reached XP level 4. HP: 16/24 MP: 5/12
  3003 | D:4      | Upgraded the game from 0.31-a0-986-g5e6e4ef867 to
                  | 0.31-a0-1074-g0b22e4e0f1
  3003 | D:4      | Quit the game

Table legend: (Time is in decaauts)
 A = Elapsed time spent in this place.
 B = Non-inter-level travel time spent in this place.
 C = Inter-level travel time spent in this place.
 D = Time resting spent in this place.
 E = Time spent auto-exploring this place.
 F = Levels seen in this place.
 G = Mean time per level.
                   A        B        C        D        E       F      G
               +--------+--------+--------+--------+--------+-----+--------+
         Total |   3008 |   2884 |    124 |    176 |   2430 |   5 |  601.6 |
       Dungeon |   2985 |   2882 |    103 |    176 |   2430 |   4 |  746.2 |
        Temple |     22 |      1 |     21 |      0 |      0 |   1 |   22.0 |
               +--------+--------+--------+--------+--------+-----+--------+

Top non-repeatable levels by time:
     D:1: 1137 daAuts
     D:2: 945 daAuts
     D:3: 767 daAuts
     D:4: 135 daAuts
  Temple: 22 daAuts

Table legend:
 A = Kills in this place as a percentage of kills in the entire game.
 B = Kills by you in this place as a percentage of kills by you in the entire game.
 C = Kills by friends in this place as a percentage of kills by friends in the entire game.
 D = Other kills in this place as a percentage of other kills in the entire game.
 E = Experience gained in this place as a percentage of experience gained in the entire game.
 F = Experience gained in this place divided by the number of levels of this place that you have seen.
                   A       B       C       D       E      F
               +-------+-------+-------+-------+-------+----------------------
         Total | 100.0 | 100.0 |   N/A |   N/A | 100.0 |  26.6
       Dungeon | 100.0 | 100.0 |   N/A |   N/A | 100.0 |  33.2
               +-------+-------+-------+-------+-------+----------------------

Action                     |  1- 3 |  4- 6 || total
---------------------------+-------+-------++-------
  Melee: Dagger            |     4 |       ||     4
   Cast: Magic Dart        |    82 |     3 ||    85
    Use: Scroll            |     9 |       ||     9
 Armour: Robe              |    12 |       ||    12
  Dodge: Dodged            |    18 |       ||    18
  Block: Other             |     1 |       ||     1

Vanquished Creatures
  A hound (D:4)
  An adder (D:3)
  A worm (D:3)
  A dart slug (D:1)
  2 orcs (D:3)
  5 endoplasms
  4 goblins
  5 hobgoblins
  4 kobolds
  A quokka (D:2)
  7 ball pythons
  2 bats
  7 frilled lizards
  6 rats
47 creatures vanquished.
